 Dungeon Crawl Stone Soup version 0.30.1-9-gdf580d7c3d (webtiles) character file.

Game seed: 4007053961845044864

254 Janerl the Shooter (level 6, -2/47 HPs)
             Began as a Formicid Hunter on Oct 7, 2023.
             Slain by a cerulean imp
             ... wielding a +0 spear
             ... summoned by Natasha
              (4 damage)
             ... on level 4 of the Dungeon.
             The game lasted 00:21:18 (2915 turns).

Janerl the Shooter (Formicid Hunter)                Turns: 2915, Time: 00:21:19

Health: -2/47      AC:  5    Str: 15    XL:     6   Next: 37%
Magic:  8/8        EV: 12    Int:  9    God:
Gold:   133        SH:  0    Dex: 19    Spells: 7/8 levels left

rFire   . . .        a - +0 shortbow
rCold   . . .        (no shield)
rNeg    . . .        c - +0 leather armour
rPois   +            (helmet unavailable)
rElec   .            (no cloak)
rCorr   .            g - +1 pair of gloves
SInv    +            (no boots)
Will    .....        (no amulet)
Stlth   ++           l - ring of poison resistance
HPRegen 0.27/turn    (no ring)
MPRegen 0.11/turn

%: no passive effects
@: attractive
A: permanent stasis, dig shafts and tunnels, antennae 3, four strong arms
a: Dig, Shaft Self


You were on level 4 of the Dungeon.
You visited 1 branch of the dungeon, and saw 4 of its levels.

You collected 133 gold pieces.

Inventory:

Hand Weapons
 a - a +0 shortbow (weapon)
 b - a +0 short sword of venom
 u - a +0 dagger of draining
 v - a +2 heavy hand axe
 w - a +4 dagger
Missiles
 k - 10 poisoned darts
Armour
 c - a +0 leather armour (worn)
 g - a +1 pair of gloves (worn)
Jewellery
 l - a ring of poison resistance (left hand)
Scrolls
 d - a scroll of teleportation
 e - 2 scrolls of fear {unknown}
 f - a scroll of enchant weapon {unknown}
 j - a scroll of poison {unknown}
 o - a scroll of identify {unknown}
 p - 3 scrolls of immolation
 q - a scroll of noise {unknown}
 t - a scroll of silence {unknown}
Potions
 h - a potion of berserk rage
 m - a potion of cancellation {unknown}
 n - a potion of attraction
 r - a potion of brilliance {unknown}
 s - 2 potions of ambrosia {unknown}


   Skills:
 + Level 3.1 Fighting
 + Level 1.2 Short Blades
 + Level 5.3 Ranged Weapons
 + Level 2.0 Armour
 + Level 2.2 Dodging
 + Level 1.5 Stealth
 + Level 1.6 Spellcasting
 + Level 2.0 Earth Magic


You had 7 spell levels left.
You knew the following spells:

 Your Spells              Type           Power      Damage    Failure   Level
a - Sandblast             Erth           8%         2d5       19%         1

Your spell library contained the following spells:

 Spells                   Type           Power      Damage    Failure   Level
 Passwall                 Tmut/Erth      1%         N/A       38%         2
 Ensorcelled Hibernation  Hex/Ice        0%         N/A       54%         2
 Stone Arrow              Conj/Erth      4%         3d7       63%         3
 Swiftness                Air            Unusable   N/A       N/A         3

Dungeon Overview and Level Annotations

Branches:
Dungeon (4/15)
 Temple: D:4-7

Altars:
Uskayaw
Wu Jian

Annotations:
D:4 Natasha


Innate Abilities, Weirdness & Mutations

You cannot be hasted, slowed, berserked, paralysed or teleported.
You can dig through walls and to a lower floor.
You have a pair of large antennae on your head. (SInv)
Your four strong arms can wield two-handed weapons with a shield.


Message History

The cerulean imp hits you from afar with a +3 spear. x2
* * * LOW HITPOINT WARNING * * *
Fire: a) +0 shortbow
Press: ? - help, Q - select action, (/) - cycle Shift-Dir - straight line, f/p - cerulean imp
Aim: a cerulean imp, wielding a +3 spear (moderately wounded, summoned, 51% to hit)
You shoot an arrow. The arrow hits Natasha!
Natasha is severely wounded.
Natasha casts a spell at you.
The magic dart hits you but does no damage.
The cerulean imp hits you from afar with a +3 spear.
* * * LOW HITPOINT WARNING * * *
The cerulean imp hits you from afar with a +3 spear.
* * * LOW HITPOINT WARNING * * *
Natasha zaps a wand.
The puff of flame misses you.
The cerulean imp hits you but does no damage.
The cerulean imp disappears in a puff of smoke!
Natasha mumbles some strange words.
Your magical contamination has completely faded away.
Natasha zaps a wand.
The puff of flame hits you!
* * * LOW HITPOINT WARNING * * *
Casting: Sandblast (safe; 19% risk of failure)
Confirm with . or Enter, or press ? or * to list all spells.
Okay, then.
Casting: Sandblast (safe; 19% risk of failure)
Confirm with . or Enter, or press ? or * to list all spells.
Okay, then.
You aren't carrying any items that you can evoke.
You feel better.
As you read the scroll labelled ZACSIUV LOWA, it crumbles to dust.
You feel a strange sense of stasis.
It was a scroll of teleportation.
The cerulean imp completely misses you.
Natasha zaps a wand.
The puff of flame hits you.
* * * LOW HITPOINT WARNING * * *
It was a potion of berserk rage.
Your stasis prevents you from going berserk.
The cerulean imp barely misses you.
It was a potion of attraction.
You feel attractive to monsters.
The cerulean imp hits you from afar with a +0 spear.
You die...

##.....#......#.....##.>........
.#.....#......#..............# .
......##........##...........##..
##...........?...................
###.........##..#...........#!...
.#..........#...##...............
..........§.†.55##......##.#..#.#
.....#..#..§##...#......##.h....#
........##..###h@.......##......#
.###.......####........###..#...#
.# #..........#).......##..##..h.
## #..........#................#.
#.....................#>...###
##...............##..### #
#............#........#
#..##....†...##.......#
##.###..###...#......##


You could see Natasha and 2 cerulean imps.

Vanquished Creatures
  A hound (D:4)
  2 iguanas (D:4)
  2 orc wizards (D:4)
  2 adders (D:3)
  An ufetubus (D:4)
  2 dart slugs
  13 orcs
  6 bats
  4 endoplasms
  3 giant cockroaches
  11 hobgoblins
  5 jackals
  5 kobolds
  3 quokkas
  5 ball pythons
  3 frilled lizards
  7 goblins
  6 rats
81 creatures vanquished.

Notes
Turn   | Place    | Note
-------+----------+-------------------------------------------
     0 | D:1      | Janerl the Formicid Hunter began the quest for the Orb.
     0 | D:1      | Reached XP level 1. HP: 16/16 MP: 1/1
     6 | D:1      | You fall into a shaft and drop 1 floor!
   167 | D:1      | Reached XP level 2. HP: 23/23 MP: 2/2
   350 | D:1      | Reached XP level 3. HP: 28/28 MP: 3/3
   836 | D:2      | Learned a level 1 spell: Sandblast
  1339 | D:3      | Reached skill level 5 in Ranged Weapons
  1339 | D:3      | Reached skill level 1 in Armour
  1339 | D:3      | Reached XP level 4. HP: 33/34 MP: 4/4
  1780 | D:3      | Found a hide-covered altar of Uskayaw.
  1781 | D:3      | Noticed a +0 dagger
  1781 | D:3      | Noticed a +0 hand axe
  1990 | D:3      | Found an ornate altar of the Wu Jian Council.
  2301 | D:3      | Reached XP level 5. HP: 37/37 MP: 3/5
  2458 | D:4      | Reached skill level 1 in Spellcasting
  2458 | D:4      | Reached skill level 1 in Earth Magic
  2481 | D:4      | Reached skill level 1 in Short Blades
  2593 | D:4      | Reached XP level 6. HP: 14/47 MP: 6/8
  2868 | D:4      | Noticed Natasha
  2911 | D:4      | HP: 2/47 [Natasha/puff of flame (8)]
  2915 | D:4      | Slain by a cerulean imp

Illustrated notes

Levels and vault maps discovered:
D:1:      amcnicky_arrival_choice, layout_rooms
D:2:      layout_basic
D:3:      layout_loops_ring, dancing_weapons_uskayaw,
          pdpol_wu_jian_five_deadly_venoms, guppyfry_early_orc_mine
D:4:      layout_cave_pools, uniq_natasha

Skill      XL: |  1  2  3  4  5  6 |
---------------+-------------------+-----
Ranged Weapons | 5 |  5.3
Armour         | 1 2 |  2.0
Dodging        | 2 |  2.2
Spellcasting   | 1 |  1.6
Earth Magic    | 1 2 |  2.0
Short Blades   | 1 |  1.2
Fighting       | 3 |  3.1
Stealth        | |  1.5

Action                     |  1- 3 |  4- 6 || total
---------------------------+-------+-------++-------
  Melee: Short sword       |     4 |    78 ||    82
   Fire: Shortbow          |    85 |    36 ||   121
   Cast: Sandblast         |       |    18 ||    18
Ability: Dig               |     2 |       ||     2
    Use: Potion            |       |     5 ||     5
         Scroll            |       |     1 ||     1
 Armour: Leather armour    |    13 |    40 ||    53
  Dodge: Dodged            |    39 |    77 ||   116
